 Dungeon Crawl Stone Soup version 0.31-a0-833-gc15d34cb79 (webtiles) character file.

Game seed: 3945293779960574367

375 Kurtz the Chopper (level 6, 0/42 HPs)
             Began as an Octopode Fighter on Sept 25, 2023.
             Was an Initiate of Makhleb.
             Slain by an orc wizard
             ... wielding a +0 dagger
              (1 damage)
             ... on level 5 of the Dungeon.
             The game lasted 00:03:12 (3098 turns).

Kurtz the Chopper (Octopode Fighter)                Turns: 3098, Time: 00:03:13

Health: 0/42       AC:  1    Str: 19    XL:     6   Next: 72%
Magic:  6/6        EV: 13    Int:  9    God:    Makhleb [......]
Gold:   162        SH:  0    Dex: 13    Spells: 1/5 levels left

rFire   . . .        a - +0 war axe
rCold   . . .        b - +0 buckler
rNeg    . . .        (helmet restricted)
rPois   +            (no amulet)
rElec   .            s - ring of poison resistance
rCorr   .            (no ring)
SInv    .            (no ring)
Will    .....        (no ring)
Stlth   ++           (no ring)
HPRegen 0.27/turn    (no ring)
MPRegen 0.10/turn    (no ring)
                     (no ring)

%: no passive effects
@: confused, mighty, attractive
A: almost no armour, amphibious, 8 rings, camouflage 1, gelatinous body 1,
(nimble swimmer 1), tentacles, low MP 1, sense surroundings 1, strong 1, subdued
magic 1
a: Renounce Religion


You were on level 5 of the Dungeon.
You worshipped Makhleb.
Makhleb was noncommittal.
You visited 1 branch of the dungeon, and saw 5 of its levels.

You collected 162 gold pieces.

Inventory:

Hand Weapons
 a - a +0 war axe (weapon)
Missiles
 i - a throwing net
 r - 5 poisoned darts (quivered)
Armour
 b - a +0 buckler (worn)
Jewellery
 s - a ring of poison resistance (left tentacle)
Scrolls
 d - 2 scrolls of blinking
 e - 3 scrolls of amnesia
 f - 4 scrolls of immolation
 g - a scroll of butterflies
 h - 2 scrolls of identify
 k - 2 scrolls of vulnerability
 m - 2 scrolls of teleportation
 n - a scroll of noise
 o - a scroll of torment
Potions
 c - a potion of might


   Skills:
 + Level 3.4 Fighting
 * Level 6.4 Axes
 - Level 3.0 Dodging
 - Level 3.0 Shields
 * Level 1.9 Invocations


You had one spell level left.
You knew the following spells:

 Your Spells              Type           Power      Damage    Failure   Level
a - Dispel Undead         Necr           0%         3d6       99%         4

Your spell library contained the following spells:

 Spells                   Type           Power      Damage    Failure   Level
 Cigotuvi's Dreadful Rot  Necr/Pois/Air  0%         N/A       56%         2
 Death Channel            Necr           0%         N/A       100%        6


Dungeon Overview and Level Annotations

Branches:
Dungeon (5/15)
 Temple: D:4-7

Altars:
Kikubaaqudgha
Makhleb
Wu Jian


Innate Abilities, Weirdness & Mutations

You cannot wear most types of armour.
You are amphibious.
You can wear up to eight rings at the same time.
Your skin changes colour to match your surroundings (Stealth+).
Your rubbery body absorbs attacks. (AC +1, EV +1)
((You are camouflaged when in or above water. (Stealth+)))
You have tentacles for arms and can constrict up to eight enemies at once.
Your magical capacity is low. (-10% MP)
You passively map a small area around you.
Your muscles are strong. (Str +4, Int/Dex -1)
Your spells are a little easier to cast, but a little less powerful.


Message History

You feel better. Something hits you.
* * * LOW HITPOINT WARNING * * *
It was a potion of attraction.
You feel attractive to monsters. Something hits you.
* * * LOW HITPOINT WARNING * * *
It was a potion of heal wounds.
You feel much better.
You hear some strange, mumbled words.
A magic dart appears from out of thin air!
The magic dart hits you!
You barely miss something. Your squeeze misses something.
You hear some strange, mumbled words.
A puff of flame appears from out of thin air!
You block the puff of flame.
An adder comes into view.
The adder is attracted toward you.
You barely miss something.
The adder hisses angrily.
Your squeeze misses something. Something barely misses you. Something hits you.
The adder is attracted toward you.
It was a potion of mutation.
You feel extremely strange.
You feel stronger.
You feel less energetic.
Your connection to magic feels subdued.
You feel a strange attunement to the structure of the dungeons.
You hear the rusting of a drain nearby.
The adder barely misses you.
You hear some strange, mumbled words.
A magic dart appears from out of thin air!
The magic dart hits you!
* * * LOW HITPOINT WARNING * * *
You miss something. You squeeze something. You miss the adder.
The adder barely misses you.
You hear some strange, mumbled words.
You are confused.
Unknown command.
You feel very mighty all of a sudden. The adder closely misses you.
Something hits you.
* * * LOW HITPOINT WARNING * * *
You're too confused to move!
The adder closely misses you. Something hits you.
You die...

.....### * , .......#
*#.#....# * * ..####.#
...##.. ** ..# #..
#..##.# , .)#
#.####...[.#* *##. , ,
..#####...##..##.#
....
..<..####..##.#..##..#
,
[.##.............S..#
, ,
<.########.....)@{#
### ##..........# , ,
#.......##....
#.......# *.##
#####.### , * ...ยง *,
, * .....#* * * .._...
* ... * ,


You could see an adder.

Vanquished Creatures
  A centaur (D:4)
  2 hounds
  A jelly (D:5)
  An orc priest (D:5)
  An iguana (D:3)
  An orc wizard (D:5)
  9 adders
  3 dart slugs (D:1)
  2 orcs (D:3)
  4 ball pythons
  A bat (D:3)
  4 endoplasms
  A giant cockroach (D:2)
  4 goblins
  4 hobgoblins
  A kobold (D:1)
  A quokka (D:3)
  4 frilled lizards
  3 rats
48 creatures vanquished.

Notes
Turn   | Place    | Note
-------+----------+-------------------------------------------
     0 | D:1      | Kurtz the Octopode Fighter began the quest for the Orb.
     0 | D:1      | Reached XP level 1. HP: 16/16 MP: 1/1
   190 | D:1      | Reached XP level 2. HP: 21/21 MP: 2/2
   415 | D:1      | Reached skill level 3 in Axes
   853 | D:2      | Reached XP level 3. HP: 24/26 MP: 3/3
   984 | D:2      | Found an ornate altar of the Wu Jian Council.
  1217 | D:3      | Found a faded altar of an unknown god.
  1296 | D:3      | Reached skill level 4 in Axes
  1312 | D:3      | Reached XP level 4. HP: 31/31 MP: 4/4
  1708 | D:3      | Found a burning altar of Makhleb.
  1708 | D:3      | Noticed a blizzard demon
  1778 | D:3      | Noticed a neqoxec
  1778 | D:3      | Noticed a neqoxec
  1780 | D:3      | Became a worshipper of Makhleb the Destroyer
  1840 | D:4      | Reached XP level 5. HP: 19/36 MP: 5/5
  1850 | D:4      | Noticed a centaur
  1872 | D:4      | Reached skill level 5 in Axes
  1999 | D:4      | Reached skill level 1 in Invocations
  2483 | D:4      | Killed a centaur
  2484 | D:4      | Reached XP level 6. HP: 33/42 MP: 5/7
  2883 | D:4      | Learned a level 4 spell: Dispel Undead
  2898 | D:5      | Entered Level 5 of the Dungeon
  2898 | D:5      | Found an ancient bone altar of Kikubaaqudgha.
  2953 | D:5      | Reached skill level 6 in Axes
  3088 | D:5      | HP: 1/42 [something/magic dart (11)]
  3095 | D:5      | Gained mutation: Your muscles are strong. (Str +4, Int/Dex
                  | -1) [potion of mutation]
  3095 | D:5      | Gained mutation: Your magical capacity is low. (-10% MP)
                  | [potion of mutation]
  3095 | D:5      | Gained mutation: Your spells are a little easier to cast,
                  | but a little less powerful. [potion of mutation]
  3095 | D:5      | Gained mutation: You passively map a small area around you.
                  | [potion of mutation]
  3097 | D:5      | HP: 1/42 [something (5)]
  3098 | D:5      | Slain by an orc wizard

Illustrated notes

Levels and vault maps discovered:
D:1:      erik_arrival_triangle_small, layout_loops_corners
D:2:      layout_rooms, basic_altar
D:3:      layout_rooms, makhleb_altar_promises_db,
          nicolae_ecumenical_lake_church, kennysheep_generic_room_10
D:4:      layout_loops_ring, guppyfry_early_lair_pool
D:5:      gammafunk_cloud_chamber, layout_rooms,
          nicolae_kikubaaqudgha_miasma_corner,
          minmay_temple_entry_statues_fountains, cheibrodos_sewer_entry_drain,
          uniq_grinder

Skill      XL: |  1  2  3  4  5  6 |
---------------+-------------------+-----
Axes           | 3 4 5 6 |  6.4
Invocations    | 1 |  1.9
Fighting       | |  3.4
Dodging        | |  3.0
Shields        | |  3.0

Action                     |  1- 3 |  4- 6 || total
---------------------------+-------+-------++-------
  Melee: War axe           |    41 |    61 ||   102
         Constrict         |    12 |    13 ||    25
         Tentacles         |     9 |    13 ||    22
  Throw: Dart              |       |     5 ||     5
    Use: Scroll            |       |     8 ||     8
         Potion            |       |     7 ||     7
   Stab: Sleeping          |     8 |     4 ||    12
 Armour: Skin              |    13 |    45 ||    58
  Dodge: Dodged            |    17 |    40 ||    57
  Block: Buckler           |     1 |    16 ||    17

Table legend: (Time is in decaauts)
 A = Elapsed time spent in this place.
 B = Non-inter-level travel time spent in this place.
 C = Inter-level travel time spent in this place.
 D = Time resting spent in this place.
 E = Time spent auto-exploring this place.
 F = Levels seen in this place.
 G = Mean time per level.
                   A        B        C        D        E       F      G
               +--------+--------+--------+--------+--------+-----+--------+
         Total |   3128 |   2976 |    152 |    380 |   2086 |   5 |  625.6 |
       Dungeon |   3128 |   2976 |    152 |    380 |   2086 |   5 |  625.6 |
               +--------+--------+--------+--------+--------+-----+--------+

Top non-repeatable levels by time:
     D:4: 1127 daAuts
     D:1: 827 daAuts
     D:3: 650 daAuts
     D:2: 360 daAuts
     D:5: 164 daAuts
